 Dungeon Crawl Stone Soup version 0.29-a0-322-g68df515428 (webtiles) character file.

Game seed: 18356940467433816964

129 bande the Covered (level 5, 0/33 HPs)
             Began as a Gargoyle Fighter on Apr 9, 2022.
             Killed by nerve-wracking pain
             ... invoked by Grinder
              (7 damage)
             ... on level 3 of the Dungeon.
             The game lasted 00:04:02 (2851 turns).

bande the Covered (Gargoyle Fighter)                Turns: 2851, Time: 00:04:04

Health: 0/33       AC: 19    Str: 20    XL:     5   Next: 12%
Magic:  6/6        EV:  5    Int:  8    God:
Gold:   145        SH:  4    Dex: 11    Spells: 6/6 levels left

rFire   . . .      SeeInvis .   a - +0 war axe
rCold   . . .      Faith    .   c - +0 buckler
rNeg    + . .      Spirit   .   i - +0 plate armour
rPois   ∞          Reflect  .   m - +1 helmet
rElec   +          Harm     .   r - +0 cloak
rCorr   .          Rampage  .   (no gloves)
Will    .....                   (no boots)
Stlth   ..........              (no amulet)
HPRegen 0.11/turn               (no ring)
MPRegen 0.10/turn               (no ring)

@: no status effects
A: sickness immunity, AC +4, negative energy resistance 1, electricity
resistance, torment resistance 1, petrification resistance
a: no special abilities


You were on level 3 of the Dungeon.
You visited 1 branch of the dungeon, and saw 3 of its levels.

You collected 145 gold pieces.

Inventory:

Hand Weapons
 a - a +0 war axe (weapon)
 k - a +0 flail
Armour
 c - a +0 buckler (worn)
 i - a +0 plate armour (worn)
 m - a +1 helmet (worn)
 r - a +0 cloak (worn)
Jewellery
 g - a ring of magical power
Wands
 l - a wand of digging (2)
 q - a wand of polymorph (8)
Scrolls
 e - 3 scrolls of fog
 o - 2 scrolls of identify
Potions
 b - 3 potions of brilliance
 d - 2 potions of might
 f - 2 potions of heal wounds {unknown}
 h - a potion of flight
 j - a potion of berserk rage {unknown}
 s - 2 potions of curing {unknown}


   Skills:
 + Level 3.9 Fighting
 + Level 3.0 Axes
 + Level 4.1 Armour
 + Level 3.7 Shields
 * Level 1.2 Spellcasting


You had 6 spell levels left.
You didn't know any spells.
Your spell library contained the following spells:

 Spells                   Type           Power      Damage    Failure   Level
 Blink                    Tloc           0%         N/A       100%        2
 Lesser Beckoning         Tloc           0%         N/A       100%        3
 Manifold Assault         Tloc           0%         N/A       100%        5


Dungeon Overview and Level Annotations

Branches:
Dungeon (3/15)

Altars:

Shops:
D:2 ?

Annotations:
D:3 Grinder


Innate Abilities, Weirdness & Mutations

You are immune to sickness and miasma.
Your stone body is resilient. (AC +4)
You are immune to poison.
You resist negative energy. (rN+)
You are resistant to electric shocks. (rElec)
You are resistant to unholy torment.
You are immune to petrification.


Message History

You barely miss Grinder. Grinder hits you but does no damage.
Grinder barely misses you.
You hit Grinder but do no damage. Grinder hits you but does no damage.
You slash Grinder!
Grinder is moderately wounded.
Grinder gestures at you.
You barely resist. Grinder gestures at you. Pain shoots through your body!
You slash Grinder!
Grinder is heavily wounded.
Grinder hits you but does no damage.
You slash Grinder!
Grinder is almost dead.
Grinder hits you but does no damage.
Grinder blinks!
Grinder blinks!
You start resting.
Grinder is nearby!
Grinder hits you but does no damage.
You hit Grinder.
Grinder is almost dead.
Grinder gestures at you.
You suddenly lose the ability to move!
Grinder hits you but does no damage. x2
Grinder hits you!
You writhe in agony.
Grinder hits you.
You writhe in agony.
Grinder hits you but does no damage.
You can move again.
You closely miss Grinder.
Grinder is almost dead.
You block Grinder's attack.
Unknown command.
You closely miss Grinder.
Grinder is almost dead.
Grinder gestures at you. Pain shoots through your body!
* * * LOW HITPOINT WARNING * * *
Grinder gestures at you. Pain shoots through your body!
You die...

##.#....#.#.##********,,,,,,,,,,,
...##.###.#..# ****,,,,,,,,
......###.##.###*********,,,,*,**
##.....##?##.#..,,,,,,,,,,,,,,,*
#.......#.##.#.#*****************
..........##.#.# *,,,,
..........##.#.##########****,,,,
.))..............5.......,,,,,,,,
...)...........#@#.......,,,,,,,,
..)............#.#.######****,,,,
...............#.#.# *,,,,
...............#.#.# *,,,,
..............##.#.# *,,,,
...............#.#.# *,,,,
.................#.# *,,,,
..........<.,<.###,* **'**
............,..,,*,* *,*


You could see Grinder.

Vanquished Creatures
  Crazy Yiuf (D:2)
  Robin (D:2)
  3 adders
  2 dart slugs (D:1)
  4 orcs (D:3)
  4 ball pythons
  3 endoplasms
  A giant cockroach (D:2)
  10 goblins
  5 hobgoblins (D:2)
  2 jackals (D:1)
  4 quokkas
  A bat (D:1)
  2 frilled lizards
  6 kobolds
  4 rats
53 creatures vanquished.

Notes
Turn   | Place    | Note
-------+----------+-------------------------------------------
     0 | D:1      | bande the Gargoyle Fighter began the quest for the Orb.
     0 | D:1      | Reached XP level 1. HP: 14/14 MP: 1/1
   437 | D:1      | Reached XP level 2. HP: 19/19 MP: 2/2
   857 | D:2      | Found Gaefas's Magic Scroll Shop.
   923 | D:2      | Found a runed translucent door.
   924 | D:2      | Noticed Crazy Yiuf
  1044 | D:2      | Reached XP level 3. HP: 23/24 MP: 3/3
  1283 | D:2      | Found a faded altar of an unknown god.
  1489 | D:2      | Noticed Robin
  1510 | D:2      | Reached XP level 4. HP: 20/29 MP: 4/4
  1524 | D:2      | Killed Robin
  1525 | D:2      | Reached skill level 4 in Armour
  2245 | D:2      | Killed Crazy Yiuf
  2246 | D:2      | Reached skill level 1 in Spellcasting
  2560 | D:3      | Reached XP level 5. HP: 27/33 MP: 6/6
  2804 | D:3      | Noticed Grinder
  2805 | D:3      | Paralysed by Grinder for 3 turns
  2826 | D:3      | Paralysed by Grinder for 6 turns
  2844 | D:3      | Paralysed by Grinder for 6 turns
  2851 | D:3      | Killed from afar by Grinder

Illustrated notes

Levels and vault maps discovered:
D:1:      psy_arrival_wood_between_worlds, layout_basic, minmay_octomino_j4
D:2:      minmay_alternating_diamond, layout_basic,
          dreamdust_ecumenical_altar_statues, serial_shops, shop, uniq_robin,
          uniq_crazy_yiuf_cottage
D:3:      layout_basic, uniq_grinder

Skill      XL: |  1  2  3  4  5 |
---------------+----------------+-----
Axes           | 2 3 |  3.0
Armour         | 4 |  4.1
Spellcasting   | 1 |  1.2
Fighting       | |  3.9
Shields        | |  3.7

Action                   |  1- 3 |  4- 6 || total
-------------------------+-------+-------++-------
Melee: War axe           |    83 |    65 ||   148
  Use: Scroll            |     4 |     2 ||     6
Armor: Scale mail        |    10 |       ||    10
       Plate armour      |    65 |    59 ||   124
Dodge: Dodged            |    38 |    18 ||    56
Block: Buckler           |    23 |    20 ||    43

Table legend: (Time is in decaauts)
 A = Elapsed time spent in this place.
 B = Non-inter-level travel time spent in this place.
 C = Inter-level travel time spent in this place.
 D = Time resting spent in this place.
 E = Time spent auto-exploring this place.
 F = Levels seen in this place.
 G = Mean time per level.
                   A        B        C        D        E       F      G
               +--------+--------+--------+--------+--------+-----+--------+
         Total |   2913 |   2869 |     44 |    453 |   1895 |   3 |  971.0 |
       Dungeon |   2913 |   2869 |     44 |    453 |   1895 |   3 |  971.0 |
               +--------+--------+--------+--------+--------+-----+--------+

Top non-repeatable levels by time:
     D:2: 1759 daAuts
     D:1: 831 daAuts
     D:3: 322 daAuts
